Cogmind - Beta 16 @@@ ROGUE MODE // 2026.01.05 @ 18:14:34 Player: Yellow Fin Result: Destroyed by FI-XNB(R) with Subdweller Machine Gun Performance ------------- Evolutions (0) 0 Regions Visited (2) 400 Robots Destroyed (37) 185 Value Destroyed (812) 812 Prototype IDs (0) 0 Alien Tech Used (0) 0 Bonus (0) 0 TOTAL SCORE: 1397 Bonus ------- None Cogmind --------- Core Integrity 0/250 Matter 300/300 Energy 196/200 System Corruption 1% Temperature Cool (0) Movement Rolling (110) Ox2 Location -10/Subcaves Parts ------- > --- POWER (1) -------- Subdweller Power Source > --- PROPULSION (2) --- Wheel > --- UTILITY (2) ------ Large Storage Unit Sensor Array > --- WEAPON (2) ------- Subdweller Laser > --- INVENTORY (15) --- Light Ion Engine Medium Matter Pod (100) Subdweller Optics Signal Interpreter Assault Rifle Light Assault Rifle Battle Rifle Grenade Launcher Grenade Launcher Subdweller Shrapnel Launcher Mining Laser Flamer Peak State ------------ > --- POWER ------------ Subdweller Power Source > --- PROPULSION ------- Wheel Subdweller Monowheel > --- UTILITY ---------- Large Storage Unit Light Armor Plating > --- WEAPON ----------- Particle Gun Subdweller Machine Gun > --- INVENTORY -------- Ion Engine Wheel Wheel Subdweller Monowheel Medium Matter Pod Subdweller Optics Sensor Array Signal Interpreter Assault Rifle Grenade Launcher Grenade Launcher Mining Laser Scrap Shield Fragment Scrap Shield Fragment Scrap Shield Fragment [Rating: 13] Favorites ----------- Power Ion Engine Engine Ion Engine Propulsion Wheel Wheel Wheel Utility Large Storage Unit Device Sensor Array Storage Large Storage Unit Processor Visual Processing Unit Protection Light Armor Plating Weapon Subdweller Machine Gun Energy Gun Subdweller Laser Energy Cannon Subdweller Beam Cannon Ballistic Gun Subdweller Machine Gun Launcher Grenade Launcher Special Weapon Mining Laser Build | -11 -10 -10 ------- Run | Yrd Mat Sub Slots Evolved . | . . . Power . | . . . Propulsion . | . . . Utility . | . . . Weapon . | . . . Parts Attached 43 | 7 22 14 Power 8 | 1 2 5 Engine 8 | 1 2 5 Core . | . . . Reactor . | . . . Propulsion 13 | 3 6 4 Treads . | . . . Leg . | . . . Wheel 13 | 3 6 4 Hover . | . . . Flight . | . . . Utility 7 | 1 5 1 Device 1 | . . 1 Storage 4 | 1 3 . Processor 1 | . 1 . Hackware . | . . . Protection 1 | . 1 . Artifact . | . . . Weapon 15 | 2 9 4 Energy Gun 4 | 1 1 2 Energy Cannon 1 | . . 1 Ballistic Gun 7 | 1 5 1 Ballistic Cannon . | . . . Launcher 2 | . 2 . Special Weapon 1 | . 1 . Impact Weapon . | . . . Slashing Weapon . | . . . Piercing Weapon . | . . . Special Melee Weapon . | . . . Unidentified Prototypes . | . . . Parts Lost 4 | . 1 3 Power . | . . . Propulsion 2 | . 1 1 Utility 1 | . . 1 Weapon 1 | . . 1 Highest Loss Streak 3 | . 1 3 To Critical Strikes . | . . . Average Backups 10 | 3 9 12 Power 1 | 1 1 1 Propulsion 2 | 1 3 2 Utility 2 | . 1 3 Weapon 4 | . 3 5 Tool/Special . | . . . Unused Backups 15 | 1 5 9 Power 4 | . 3 1 Propulsion . | . . . Utility 5 | 1 1 3 Weapon 6 | . 1 5 Tool/Special . | . . . Average Slot Usage (%) 97 | . 94 99 Engine 13 | . 13 14 Wheel 27 | . 26 27 Storage 14 | . 14 14 Processor 3 | . 6 . Protection 9 | . 4 13 Energy Gun 9 | . 6 13 Ballistic Gun 14 | . 15 13 Launcher 2 | . 5 . Peak Build Rating 13 | 7 9 13 Average Rating 10 | 5 7 12 On Entrance 5 | . 7 9 Avg Prop Armor Cover (%) . | . . . Naked Turns . | . . . Heaviest Build 40 | 12 34 40 Greatest Support 30 | 26 20 30 Greatest Overweight (x) 3 | 1 2 3 Average Overweight (x) . | . . 1 Largest Inventory Capacity 15 | 8 15 15 Average Capacity 13 | 7 13 15 Most Carried 15 | 8 15 15 Average Carried 12 | 4 9 14 Final Capacity 15 | 8 15 15 Final Carried 15 | 8 15 12 Class Distribution -------------------- 61% | Scavenger-Mutant 38% | Mutant Dominant Class ---------------- Mutant | -10/Materials Scavenger-Mutant | -10/Subcaves Resources | -11 -10 -10 ----------- Run | Yrd Mat Sub Matter Collected 1237 | 280 688 269 Remotely . | . . . Salvage Created 1056 | 180 549 327 Parts 78 | 14 40 24 Haulers Intercepted 1 | . 1 . Recyclers Shooed . | . . . Parts Field Recycled . | . . . Retrieved Matter . | . . . Parts Self-Destructed 16 | . . 16 Prevented . | . . . Parts Restored . | . . . Kills | -11 -10 -10 ------- Run | Yrd Mat Sub Combat Hostiles Destroyed 23 | . 12 11 Guns 18 | . 10 8 Cannons 3 | . . 3 AOE 2 | . 2 . Classes Destroyed 10 | 2 8 . Worker 2 | . 2 . Builder 1 | . 1 . Tunneler 5 | 4 1 . Hauler 1 | . 1 . Recycler 1 | 1 . . Operator 1 | . 1 . Watcher 3 | . 3 . Swarmer 7 | . 3 4 Grunt 8 | . 7 1 Subdweller 8 | . 2 6 Best Kill Streak 5 | 5 5 4 Combat Bots Only 4 | . 3 4 Max Kills in Single Turn 1 | 1 1 1 Gunslinging . | . . . Exploded 1 | . 1 . Melee . | . . . Uniques/NPCs Destroyed . | . . . Combat | -11 -10 -10 -------- Run | Yrd Mat Sub Hostile Shots Fired 119 | . 74 45 Missed 40 | . 24 16 Hits 79 | . 50 29 Projectile 79 | . 50 29 AOE 1 | . . 1 Damage Taken 1122 | . 521 601 Core 253 | . 102 151 Absorbed by Shields . | . . . Core Remaining (%) 100 | 100 . . Volleys Fired 101 | 10 63 28 Largest 2 | 2 2 2 Hottest 110 | 60 100 110 Shots Fired 197 | 20 123 54 Gun 183 | 20 114 49 Cannon 5 | . . 5 Launcher 8 | . 8 . Special 1 | . 1 . Kinetic 133 | 10 95 28 Thermal 56 | 10 20 26 Explosive 8 | . 8 . Electromagnetic . | . . . Robot Hit Streak 21 | 5 10 21 Robot Miss Streak 3 | 1 3 2 Penetration Max . | . . . Secondary Targets 4 | . 4 . Max Gunslinging Chain 1 | . 1 . Shots Hit Robots 132 | 13 80 39 Core Hits 59 | 8 31 20 Critical Kills 1 | . 1 . Critical Parts Destroyed . | . . . Critical Strikes 1 | . 1 . Destroy 1 | . 1 . Melee Attacks . | . . . Impact . | . . . Slashing . | . . . Piercing . | . . . Sneak Attacks . | . . . Combat Hostiles . | . . . Follow-up Attacks . | . . . Damage Inflicted 2114 | 134 1204 776 Guns 1729 | 134 905 690 Cannons 86 | . . 86 Explosions 299 | . 299 . Melee . | . . . Ramming . | . . . Kinetic 1117 | 54 724 339 Thermal 698 | 80 181 437 Explosive 299 | . 299 . Electromagnetic . | . . . Impact . | . . . Slashing . | . . . Piercing . | . . . Highest Corruption 1 | . 1 1 Average Corruption 1 | . 1 1 Corruption Purged . | . . . Corruption Blocked . | . . . Effects 8 | . . 8 Message Errors 2 | . . 2 Heat Flow Errors 1 | . . 1 Energy Discharges 2 | . . 2 Data Loss (minor) 1 | . . 1 Misfires 1 | . . 1 Alerts 1 | . . 1 Overload Shots . | . . . Overflow Damage . | . . . Projectiles . | . . . Explosions . | . . . Melee . | . . . Knockbacks . | . . . Impact . | . . . Kinetic . | . . . Secondary . | . . . Self-Inflicted Damage . | . . . Shots . | . . . Rammed . | . . . Targets Rammed . | . . . Kicked . | . . . Crushed . | . . . Highest Temperature 83 | 40 66 83 Average Temperature 19 | 17 21 15 Received Heat Transfer 348 | . 225 123 Siege Activations . | . . . Martial Activations . | . . . Shielding Activations . | . . . Robots Disrupted . | . . . Combat Hostiles . | . . . Robots Corrupted . | . . . Combat Hostiles . | . . . Parts Fried . | . . . Impact Corruptions . | . . . Robots Melted . | . . . Combat Hostiles . | . . . Parts Melted . | . . . Heat Transferred 1256 | 175 411 670 Parts Sabotaged . | . . . Parts Stolen . | . . . Parts Stripped . | . . . Power Chain Reactions . | . . . Alert | -11 -10 -10 ------- Run | Yrd Mat Sub Maximum Alert Level . | . . . Low Security (%) 100 | 100 100 . Level 1 . | . . . Level 2 . | . . . Level 3 . | . . . Level 4 . | . . . Level 5 . | . . . High Security . | . . . Max Security . | . . . Peak Influence 78 | 10 78 . Initial . | . . . Average 29 | 2 33 . Influence Increases 537 | 25 342 170 Destroy 0b10 Robot/C 300 | . 200 100 Destroy 0b10 Robot/NC 70 | 25 45 . Destroy Leader 58 | . 48 10 Disable Machine 15 | . 15 . Destroy Structure 34 | . 34 . Lose Combat Pursuer 60 | . . 60 Influence Decreases 537 | 25 340 172 Entered New Map 2 | . . 2 Time Decay 525 | 25 330 170 Lost Part 10 | . 10 . Squads Dispatched 2 | . 2 . Investigation 1 | . 1 . Extermination . | . . . Reinforcement 1 | . 1 . Assault . | . . . Garrison . | . . . Intercept . | . . . Searches Triggered . | . . . Construction Impeded . | . . . Haulers Reinforced . | . . . Active Scanning Responses . | . . . Cargo Convoy Interrupts . | . . . Stealth | -11 -10 -10 --------- Run | Yrd Mat Sub Distress Signals . | . . . Communications Jammed . | . . . Distress Signals . | . . . Times Spotted 37 | . 21 16 Peak Tracking Total 6 | . 4 6 Tactical Retreats 3 | . 1 2 Traps | -11 -10 -10 ------- Run | Yrd Mat Sub Traps Triggered 6 | . 6 . Indirectly . | . . . Trap Hack Attempts . | . . . Triggered . | . . . Disarmed . | . . . Reprogrammed . | . . . Reused . | . . . Traps Extracted . | . . . Installed . | . . . Triggered . | . . . Machines | -11 -10 -10 ---------- Run | Yrd Mat Sub Machines Disabled 1 | . 1 . Max in Single Turn 1 | . 1 . Machines Repaired . | . . . Machines Dismantled . | . . . Machines Sabotaged . | . . . Overloaded Fab Kills . | . . . Hacking | -11 -10 -10 --------- Run | Yrd Mat Sub Machines Accessed 2 | . . 2 Terminals . | . . . Fabricators . | . . . Repair Stations . | . . . Recycling Units . | . . . Scanalyzers . | . . . Garrison Access . | . . . Total Hacks 3 | . . 3 Successful 3 | . . 3 Failed . | . . . Catastrophic . | . . . Database Lockouts . | . . . Manual . | . . . Terminals . | . . . Fabricators . | . . . Repair Stations . | . . . Recycling Units . | . . . Scanalyzers . | . . . Garrison Access . | . . . Terminal Hacks 3 | . . 3 Record 1 | . . 1 Open Door 1 | . . 1 Release Object 1 | . . 1 Fabricator Hacks . | . . . Repair Station Hacks . | . . . Recycling Unit Hacks . | . . . Scanalyzer . | . . . Garrison Access Hacks . | . . . Unauthorized Hacks . | . . . Terminals . | . . . Fabricators . | . . . Repair Stations . | . . . Recycling Units . | . . . Scanalyzers . | . . . Garrison Access . | . . . Data Cores Recovered 1 | . 1 . Used . | . . . Hacking Detections . | . . . Full Trace Events . | . . . Feedback Events . | . . . Feedback Blocked . | . . . Robot Schematics Acquired . | . . . Robots Built . | . . . Authchips . | . . . Time . | . . . Total Robot Build Rating . | . . . Part Schematics Acquired . | . . . Parts Built . | . . . Authchips . | . . . Time . | . . . Total Part Build Rating . | . . . Part Studies Acquired . | . . . Parts Repaired . | . . . Time . | . . . Parts Recycled . | . . . Recycled Matter . | . . . Retrieved Matter . | . . . Retrieved Components . | . . . Parts Scanalyzed . | . . . Part Schematics Acquired . | . . . Parts Damaged . | . . . Bothacking | -11 -10 -10 ------------ Run | Yrd Mat Sub Used RIF Installer . | . . . Robots Hacked . | . . . Non-combat . | . . . Combat . | . . . Robot Hacks Applied . | . . . Relay Couplers Released . | . . . Fabnet Peak Effective % . | . . . Robots Rewired . | . . . Allies Hacked . | . . . Hacks Repelled . | . . . Allies | -11 -10 -10 -------- Run | Yrd Mat Sub Total Allies . | . . . Largest Group . | . . . Highest-Rated Group . | . . . Highest-Rated Ally . | . . . Total Orders . | . . . Ally Attacks . | . . . Total Damage . | . . . Kills . | . . . Allies Corrupted . | . . . Allies Melted . | . . . Intel | -11 -10 -10 ------- Run | Yrd Mat Sub Active Infowar (turns) 466 | . 447 19 Optics 447 | . 447 . Sensors 19 | . . 19 Robot Analysis Total . | . . . Derelict Logs Recovered 1 | . . 1 Drone Launches . | . . . Drone Recoveries . | . . . Exploration | -11 -10 -10 ------------- Run | Yrd Mat Sub Turns Passed 2070 | 110 903 1057 Spaces Moved 1545 | 70 637 838 Core 1 | 1 . . Treads . | . . . Legs . | . . . Wheels 1544 | 69 637 838 Hover . | . . . Flight . | . . . Fastest Speed 50 | 50 80 95 Average Speed 97 | 88 89 104 Slowest Speed 125 | 95 110 125 Overloaded Moves . | . . . Propulsion Burnouts . | . . . Robots Hopped . | . . . Potential Cave-ins . | . . . Cave-ins Triggered . | . . . Exploration Rate (%) 43 | 5 79 45 Regions Visited 2 Branch Regions 1 Pre-discovered Areas 1 | . . 1 Known Exits Taken . | . . . Unknown Exits Taken 2 | 1 1 . Scrap Searched 3 | . . 3 Spaces Dug . | . . . Terrain Destroyed 41 | . 39 2 Melee . | . . . Projectile 2 | . . 2 AOE 39 | . 39 . Terrain Rammed . | . . . Walls Destroyed . | . . . Machines Disabled . | . . . Actions | -11 -10 -10 --------- Run | Yrd Mat Sub Total 1913 | 97 845 971 Wait 118 | . 66 52 Move 1543 | 69 636 838 Hop . | . . . Pick Up 52 | 9 31 12 Fast Attach 8 | 6 2 . Attach 12 | . 10 2 Detach 1 | . 1 . Swap 35 | 1 18 16 Drop 42 | 2 18 22 Fire 101 | 10 63 28 Melee . | . . . Ram . | . . . Kick . | . . . Crush . | . . . Escape Stasis . | . . . Rewire . | . . . Trap . | . . . Miscellaneous 1 | . . 1 Route ------- -11/Scrapyard -10/Materials (discovered 5 exits: [*Mat x2] / [*Min x2] / *Sub) -10/Subcaves History --------- Turn | Location | Event 2 | -11/Scrapyard | Met Revision 17 17 | -11/Scrapyard | Discovered new exit (range 15) 111 | -11/Scrapyard | Entered Materials 331 | -10/Materials | Discovered new exit (range 17) 335 | -10/Materials | Build established: Mutant 515 | -10/Materials | Discovered new exit (range 6) 666 | -10/Materials | Discovered new exit (range 6) 711 | -10/Materials | Derelicts attacked the area 964 | -10/Materials | Discovered new exit (range 6) 1001 | -10/Materials | Discovered new exit (range 11) 1014 | -10/Materials | Entered Subcaves 1015 | -10/Subcaves | Approached by a straggling Scientist 1375 | -10/Subcaves | Build established: Scavenger-Mutant 1621 | -10/Subcaves | Core integrity fell below 50% 1667 | -10/Subcaves | Disturbed a concealed Subdweller 1708 | -10/Subcaves | Learned location of Zion (-6) 1708 | -10/Subcaves | Met a Zionite searching for "candidates" 1749 | -10/Subcaves | A swath of the cavern ceiling suddenly collapsed 1820 | -10/Subcaves | Released subatomizers from SUBCON Basin 2045 | -10/Subcaves | Learned Materials non-interactive machine intel 2062 | -10/Subcaves | Core integrity fell below 20% 2063 | -10/Subcaves | Ambushed by Subdweller buried in earth 2071 | -10/Subcaves | Destroyed by FI-XNB(R) with Subdweller Machine Gun Last Messages --------------- 01954_ Dropped Broken Sub. Monowheel. 01963_ System corrupted: FCS attempts to trigger Sub. Machine Gun. 01963_ System corrupted: Sub. Machine Gun misfires. 02001_ Sub. Power Source shoots sparks and powers down. 02002_ Dropped Broken Sub. Power Source. 02035_ Lgt. Armor Plating destroyed. 02037_ 0S-NRR(R) destroyed. 02040_ Acquired 35 matter. 02045_ Acquired derelict log, extracted data. Data stored: Materials non-interactive machine intel. 02052_ System corrupted: Heat flow error (+123). 02053_ Acquired 10 matter. 02061_ Wheel destroyed. [Achievement: Do Not Disturb] 02064_ FI-XNB(R): "FREEEEDUMB!" 02069_ Sub. Machine Gun destroyed. Map ----- +----------------------------------------------------+ | ?????????????????????????????????????????# | | ????????????????????????????????????###### | | ????????????????????????????????????# | | ????????????????????????????????????## | | ?????????????????????????????????????### # | | ???????????????????????????????????????##" | | ????????????????????????????????????????## | | ?????????????????????????????????????????# | | ?????????????????????????????????????????? | | ?????????????????????????????????????????? | | ?????????????????????????????????????????? | | ?????????????????????????????????????????? | | ?????????????????????????????????????????? | | ?????????????????????????????????????????? | | ?????????????????????????????????????????? | | ?????????????????????????????????????????? | | ?????????????????????????????????????????? | | ????????????????###??????????????????????? | | ????????????????# #??????????????????????? | | ???????????????? #??????????????????????? | | ????????????????# ??????????????????????? | | ???????????####?# ?###??????##??????????? | | ???????????? <## ## ####### ##?????????? | | ?????????????# ; ## #?????????? | | ?????????????# ## # #?????????? | | ?????????????# ; @ ;; ;## % #?????????? | | ?????????????##; ; ;# #?????????? | | ??????????????# ; # #?????????? | | ?????????????#; R ## #?????????? | | ????????????# ; #?????????? | | ????????????# ; ####?????????? | | ????????????##; ;# ##????????????? | | ?????????????#;;;;;; #### #?????????????? | | ?????????????# ;; #?###?????????????? | | ?????????????##### ##????????????????? | | ?????????????????### * #????????????????? | | ???????????????????## ##???????????????? | | ????????????????????# #???????????????? | | ????????????????????## ##????????????? | | ?????????????????????## #?????###??##" | | ??????????????????????# ####??# ### ? | | ?????????????????????## ### #### ?? | | ?????????????????????# ###??? | | ?????????????????????## ##?? | | ????????????????????### ### | | ????????????????????# ## | | ????????????????????# ## | | ????????????????????# ## ## | | ????????????????????# #### ### | | ????????????????????# #### ### | +----------------------------------------------------+ Best States ------------- Heat Dissipation 25 Energy Generation 15 Energy Capacity 250 Matter Stores 300 Matter Capacity 300 Sight Range 18 Robot Scan Range 14 Terrain Scan Density 10 Armor Coverage 150 Evasion (%) 44 Item Schematics ----------------- None Robot Schematics ------------------ None Fabricated ------------ Nothing Repaired ---------- Nothing Studied --------- None Alien Tech Used ----------------- None Achievements -------------- Do Not Disturb You Again Challenges ------------ None Game ------ Seed ImprinterProjectileKit Manual? 0 Play Time 00:32:53 Cumulative 80.6 hours Start 2026.01.03 @ 18:08:46 End 2026.01.05 @ 18:14:34 Sessions 2 Manual Loads 0 Difficulty Rogue Special Mode None Game No. 29 Rogue 29 Adventurer 0 Explorer 0 Win Type - Total 3 Types 2/0/1/0/0/0/0/0/0/0 Lore% 17 Gallery% 28 Achievement% 28 Wizard Run 0 Options --------- Layout 1 ASCII 0 Keyboard 0 Movement Mouse Keybinds 0 Fullscreen 1 Font 24/Smallcaps Map View 50x35 Zoom Use 0% Tactical HUD 1 Map Filters NONE Filters NONE Steam 1 RUN: aa848bde-c801-490e-9c01-9c05bd8f2fea